AoeStats
← aDiGe

Pilgrims

509923711Analyzed
4v4 RM · 3d ago on Sep 28, 2026· 36m 42s· 8 players
Game mode
Random Map
Map size
Large (8 player)
Population
200
Speed
Normal
Resources
Standard
Victory
Conquest
Starting age
Dark Age
Ending age
Imperial Age
RankedLock teamsTeams togetherTeam positionsShared explorationLock speedFull tech treeHidden civsTurbo modeCheats
Victory
Defeat
🇩🇪 Varangians · Germany
880
+16
🇩🇪 Burgundians · Germany
877
+17
🇦🇹 Romans · Austria
869
+17
🇹🇷 Turks · Türkiye
863
+17
🇹🇷 Bohemians · Türkiye
922
-18
🇹🇷 Saracens · Türkiye
921
-18
🇹🇷 Goths · Türkiye
899
-17
🇪🇸 Spanish · Spain
814
-14
icglyn10
5:55 Loom
12:25 Feudal Age
17:32 Castle Age
17:18 Double-Bit Axe
33:44 Wheelbarrow
39:00 Imperial Age
Orange_Samo
10:41 Feudal Age
8:57 Loom
13:52 Double-Bit Axe
17:27 Castle Age
15:30 Fishing Lines
19:41 Scale Mail Armor
22:21 Forging
23:46 Bow Saw
25:26 Squires
25:53 Gillnets
27:50 Wheelbarrow
31:57 Hand Cart
31:28 Town Watch
33:36 Pikeman
38:34 Imperial Age
Archimedes420
5:39 Loom
14:31 Feudal Age
15:03 Horse Collar
15:11 Double-Bit Axe
19:38 Fletching
19:52 Man-at-Arms
25:53 Wheelbarrow
28:07 Castle Age
30:17 Heavy Plow
30:28 Squires
33:14 Fishing Lines
34:21 Gillnets
35:55 Bow Saw
36:46 Hand Cart
Haudinida
4:29 Loom
12:34 Feudal Age
11:27 Double-Bit Axe
12:09 Horse Collar
13:29 Bow Saw
14:36 Wheelbarrow
16:43 Town Watch
19:06 Fletching
24:00 Castle Age
21:55 Gold Mining
22:02 Stone Mining
24:13 Heavy Plow
24:31 Forging
24:22 Scale Mail Armor
24:23 Padded Archer Armor
26:43 Hand Cart
28:25 Bodkin Arrow
34:57 Imperial Age
Kaparso
11:58 Loom
15:07 Feudal Age
23:28 Castle Age
24:57 Fletching
24:59 Town Watch
26:41 Bodkin Arrow
aDiGe
7:13 Loom
16:05 Feudal Age
19:31 Double-Bit Axe
30:51 Man-at-Arms
31:17 Arson
33:32 Fletching
33:42 Padded Archer Armor
36:30 Castle Age
fbaha
6:33 Loom
14:41 Feudal Age
16:13 Man-at-Arms
19:11 Wheelbarrow
18:52 Scale Mail Armor
24:32 Castle Age
25:16 Horse Collar
25:23 Double-Bit Axe
27:41 Hand Cart
33:36 Scale Barding Armor
33:46 Chain Mail Armor
33:41 Forging
38:52 Imperial Age
36:58 Bow Saw
36:51 Heavy Plow
kerems
11:10 Loom
22:14 Feudal Age
22:40 Man-at-Arms
31:38 Castle Age
30:08 Double-Bit Axe
30:10 Horse Collar
30:30 Gold Mining
30:33 Stone Mining
31:18 Scale Mail Armor
31:29 Forging
31:51 Long Swordsman
32:35 Squires
32:48 Pikeman
Connection lost

Rejoining the realm…

Still unreachable

The connection could not be restored.

Session expired

The server has moved on; the page needs a fresh start.